[ AOE2 MATCH · #486203414 ]
UnrankedGoths vs Slavs
[ REPLAY ANALYSIS · EXTRACTED FROM THE RECORDED GAME ]
Feudal
9:41
Castle
24:17
Imperial
29:54
| APM avg | 54.6 |
| APM peak | 101 |
| eAPM avg | 35.1 |
| Villagers / military | 137 / 305 |
Focus
⚔️ 37.7% · 🌾 62.3%
Militia ×221 · Spearman ×69 · Huskarl ×9 · Mangonel ×2 · Scorpion ×2 · Petard ×1
Feudal
11:16
Castle
15:41
Imperial
34:17
| APM avg | 23.3 |
| APM peak | 86 |
| eAPM avg | 15.9 |
| Villagers / military | 141 / 585 |
Focus
⚔️ 38.7% · 🌾 61.3%
Spearman ×400 · Boyar ×98 · Militia ×85 · Monk ×2
Feudal
10:33
Castle
18:06
Imperial
38:31
| APM avg | 37.8 |
| APM peak | 73 |
| eAPM avg | 22.3 |
| Villagers / military | 174 / 183 |
Focus
⚔️ 34.6% · 🌾 65.4%
Longbowman ×114 · Skirmisher ×37 · Battering Ram ×14 · Spearman ×8 · Mangonel ×6 · Trebuchet (Packed) ×3
Feudal
9:41
Castle
25:09
Imperial
43:00
| APM avg | 28.8 |
| APM peak | 66 |
| eAPM avg | 17.9 |
| Villagers / military | 160 / 104 |
Focus
⚔️ 26.9% · 🌾 73.1%
Spearman ×38 · Teutonic Knight ×21 · Mangonel ×15 · Petard ×11 · Battering Ram ×7 · Monk ×4
Feudal
11:18
Castle
14:48
Imperial
28:24
| APM avg | 59.3 |
| APM peak | 108 |
| eAPM avg | 30.6 |
| Villagers / military | 190 / 485 |
Focus
⚔️ 50.9% · 🌾 49.1%
Spearman ×430 · Bombard Cannon ×51 · Monk ×4
Feudal
9:53
Castle
13:23
Imperial
28:32
| APM avg | 42.5 |
| APM peak | 76 |
| eAPM avg | 20.3 |
| Villagers / military | 128 / 419 |
Focus
⚔️ 39.5% · 🌾 60.5%
Scout Cavalry ×173 · Scorpion ×128 · Spearman ×85 · Battering Ram ×32 · Monk ×1
Feudal
9:17
Castle
21:09
Imperial
42:55
| APM avg | 29.6 |
| APM peak | 94 |
| eAPM avg | 21.6 |
| Villagers / military | 146 / 157 |
Focus
⚔️ 32.1% · 🌾 67.9%
Fire Lancer ×143 · Scout Cavalry ×5 · Bombard Cannon ×4 · Knight ×2 · Militia ×1 · Spearman ×1
Feudal
11:25
Castle
15:04
Imperial
31:08
| APM avg | 58.7 |
| APM peak | 100 |
| eAPM avg | 30.6 |
| Villagers / military | 175 / 292 |
Focus
⚔️ 44.5% · 🌾 55.5%
Teutonic Knight ×120 · Hand Cannoneer ×75 · Knight ×68 · Cavalry Archer ×14 · Trebuchet (Packed) ×8 · Monk ×5
Match map
Initial resources + every placement click. Lines = walls · curves = elevation contours. ◆ gold · ⬟ stone · ● berries · ✦ relic · ◌ wall gap
Your base· ✓ Closed at 24:17 · 0t walls · 2 gate(s)
CTM | Franco*'s base· ✓ Closed at 15:41 · 0t walls · 2 gate(s)
Keishi's base· ✓ Closed at 18:06 · 28t walls · 3 gate(s)
CTM | SamDestroyer's base· ✓ Closed at 25:09 · 26t walls · 5 gate(s)
LE | Asav's base· ✓ Closed at 14:48 · 0t walls · 2 gate(s)
SUNYQ's base· ✓ Closed at 13:23 · 0t walls · 3 gate(s)
PSX | King's base· ✓ Closed at 21:09 · 0t walls · 2 gate(s)
Tylenol's base· ✓ Closed at 15:04 · 0t walls · 3 gate(s)
Smoothed initial terrain · ◌ = detected wall gap · hover for details
Inputs per minute
— Ragnarok - - CTM | Franco*
Build order — Ragnarok
First 150 of 644 actions detected
| 0:00 | Create | Villager (Male) |
| 0:01 | Create | Villager (Male) |
| 0:01 | Create | Villager (Male) |
| 0:03 | Build | House |
| 0:04 | Build | House |
| 0:10 | Create | Villager (Male) |
| 0:20 | Research | Loom |
| 0:21 | Create | Villager (Male) |
| 0:35 | Create | Villager (Male) |
| 0:36 | Create | Villager (Male) |
| 1:26 | Create | Villager (Male) |
| 2:00 | Create | Villager (Male) |
| 2:18 | Build | Lumber Camp |
| 2:26 | Create | Villager (Male) |
| 2:41 | Create | Villager (Male) |
| 3:03 | Create | Villager (Male) |
| 3:26 | Build | House |
| 3:30 | Create | Villager (Male) |
| 3:32 | Create | Villager (Male) |
| 4:00 | Create | Villager (Male) |
| 4:06 | Build | House |
| 4:21 | Create | Villager (Male) |
| 4:32 | Create | Villager (Male) |
| 4:38 | Build | House |
| 5:15 | Create | Villager (Male) |
| 5:16 | Build | Mining Camp |
| 5:21 | Build | Mining Camp |
| 7:31 | Research | Feudal Age |
| 9:41 | Age | Feudal Age |
| 9:44 | Build | Watch Tower |
| 9:53 | Create | Villager (Male) |
| 10:00 | Build | Watch Tower |
| 10:39 | Create | Villager (Male) |
| 10:47 | Build | Blacksmith |
| 11:06 | Create | Villager (Male) |
| 11:33 | Build | Watch Tower |
| 11:44 | Research | Fletching |
| 12:28 | Create | Villager (Male) |
| 12:44 | Create | Villager (Male) |
| 12:48 | Build | House |
| 13:07 | Create | Villager (Male) |
| 13:18 | Build | Watch Tower |
| 13:30 | Build | Watch Tower |
| 13:49 | Create | Villager (Male) |
| 14:46 | Create | Villager (Male) |
| 16:02 | Create | Villager (Male) |
| 16:53 | Create | Villager (Male) |
| 16:53 | Create | Villager (Male) |
| 16:56 | Build | Mill |
| 17:33 | Build | Farm |
| 17:35 | Build | Farm |
| 17:59 | Build | Mining Camp |
| 18:01 | Build | Farm |
| 18:03 | Build | Farm |
| 18:05 | Build | Farm |
| 18:06 | Create | Villager (Male) |
| 18:30 | Create | Villager (Male) |
| 18:30 | Create | Villager (Male) |
| 18:35 | Build | Farm |
| 18:45 | Create | Villager (Male) |
| 19:17 | Create | Villager (Male) |
| 19:25 | Build | Farm |
| 19:49 | Create | Villager (Male) |
| 19:50 | Create | Villager (Male) |
| 20:22 | Build | Market |
| 21:37 | Research | Castle Age |
| 22:38 | Build | Farm |
| 22:41 | Build | Farm |
| 23:27 | Build | Farm |
| 23:32 | Build | Farm |
| 24:17 | Age | Castle Age |
| 24:47 | Build | Castle |
| 24:56 | Build | Castle |
| 25:26 | Build | House |
| 25:28 | Build | House |
| 25:35 | Build | House |
| 25:38 | Build | House |
| 25:47 | Build | Palisade Wall |
| 26:02 | Research | Bodkin Arrow |
| 26:26 | Build | Mining Camp |
| 26:44 | Research | Imperial Age |
| 27:03 | Build | Farm |
| 27:04 | Build | Farm |
| 27:05 | Build | Farm |
| 27:15 | Create | Huskarl |
| 27:15 | Create | Huskarl |
| 27:32 | Build | Farm |
| 27:33 | Build | Farm |
| 27:39 | Research | Double-Bit Axe |
| 28:13 | Create | Huskarl |
| 28:25 | Research | Horse Collar |
| 29:00 | Build | House |
| 29:07 | Create | Huskarl |
| 29:07 | Create | Huskarl |
| 29:07 | Create | Huskarl |
| 29:27 | Create | Petard |
| 29:33 | Build | House |
| 29:34 | Build | House |
| 29:36 | Build | House |
| 29:54 | Age | Imperial Age |
| 30:25 | Create | Huskarl |
| 30:25 | Create | Huskarl |
| 30:26 | Create | Huskarl |
| 30:54 | Create | Trebuchet (Packed) |
| 31:33 | Build | Siege Workshop |
| 31:56 | Build | Palisade Gate |
| 31:59 | Create | Villager (Male) |
| 32:06 | Build | Palisade Gate |
| 32:08 | Build | House |
| 32:16 | Create | Scorpion |
| 32:16 | Create | Scorpion |
| 32:22 | Create | Villager (Male) |
| 32:22 | Create | Villager (Male) |
| 32:27 | Research | Bow Saw |
| 32:47 | Build | House |
| 32:50 | Build | House |
| 33:01 | Build | House |
| 33:03 | Create | Villager (Male) |
| 33:30 | Create | Villager (Male) |
| 33:30 | Create | Villager (Male) |
| 33:45 | Build | Town Center |
| 33:47 | Create | Villager (Male) |
| 33:55 | Create | Villager (Male) |
| 34:09 | Create | Villager (Male) |
| 34:09 | Create | Villager (Male) |
| 34:15 | Create | Villager (Male) |
| 34:41 | Create | Villager (Male) |
| 34:43 | Create | Villager (Male) |
| 34:45 | Build | Lumber Camp |
| 34:51 | Build | Lumber Camp |
| 34:56 | Create | Villager (Male) |
| 35:17 | Build | Lumber Camp |
| 35:22 | Create | Villager (Male) |
| 35:24 | Build | Farm |
| 35:28 | Create | Villager (Male) |
| 36:03 | Create | Mangonel |
| 36:07 | Create | Villager (Male) |
| 36:12 | Create | Villager (Male) |
| 36:16 | Build | Farm |
| 36:32 | Create | Villager (Male) |
| 36:41 | Build | House |
| 36:44 | Build | Farm |
| 36:58 | Create | Villager (Male) |
| 37:11 | Create | Villager (Male) |
| 37:17 | Build | House |
| 37:32 | Build | Siege Workshop |
| 37:34 | Create | Villager (Male) |
| 38:09 | Create | Villager (Male) |
| 38:46 | Create | Villager (Male) |
| 38:46 | Create | Villager (Male) |
Build order — CTM | Franco*
First 150 of 463 actions detected
| 0:01 | Create | Villager (Male) |
| 0:01 | Create | Villager (Male) |
| 0:02 | Create | Villager (Male) |
| 0:02 | Create | Villager (Male) |
| 0:02 | Create | Villager (Male) |
| 0:06 | Build | House |
| 0:07 | Build | House |
| 1:35 | Create | Villager (Male) |
| 1:36 | Create | Villager (Male) |
| 2:06 | Create | Villager (Male) |
| 2:06 | Create | Villager (Male) |
| 2:35 | Create | Villager (Male) |
| 2:36 | Create | Villager (Male) |
| 3:01 | Create | Villager (Male) |
| 3:01 | Create | Villager (Male) |
| 3:08 | Build | House |
| 3:09 | Build | House |
| 3:29 | Create | Villager (Male) |
| 3:29 | Create | Villager (Male) |
| 3:41 | Build | Lumber Camp |
| 4:28 | Create | Villager (Male) |
| 4:28 | Create | Villager (Male) |
| 4:51 | Create | Villager (Male) |
| 5:24 | Create | Villager (Male) |
| 5:42 | Create | Villager (Male) |
| 6:08 | Create | Villager (Male) |
| 7:01 | Create | Villager (Male) |
| 7:14 | Create | Villager (Male) |
| 7:39 | Create | Villager (Male) |
| 7:41 | Create | Villager (Male) |
| 8:02 | Build | Mining Camp |
| 8:19 | Create | Villager (Male) |
| 8:56 | Build | Mill |
| 9:06 | Research | Feudal Age |
| 9:44 | Build | House |
| 9:46 | Build | House |
| 10:27 | Build | Farm |
| 10:28 | Build | Farm |
| 10:29 | Build | Farm |
| 10:30 | Build | Farm |
| 10:31 | Build | Farm |
| 11:16 | Age | Feudal Age |
| 11:22 | Build | Market |
| 11:27 | Build | Blacksmith |
| 11:31 | Build | Farm |
| 11:34 | Create | Villager (Male) |
| 11:34 | Create | Villager (Male) |
| 11:47 | Create | Villager (Male) |
| 11:48 | Research | Loom |
| 12:06 | Build | Mining Camp |
| 12:40 | Build | Farm |
| 13:01 | Research | Castle Age |
| 13:33 | Research | Double-Bit Axe |
| 13:56 | Research | Horse Collar |
| 14:45 | Research | Gold Mining |
| 14:48 | Research | Stone Mining |
| 15:07 | Create | Villager (Male) |
| 15:10 | Create | Villager (Male) |
| 15:41 | Age | Castle Age |
| 15:46 | Build | Monastery |
| 15:48 | Create | Villager (Male) |
| 15:55 | Research | Heavy Plow |
| 16:33 | Create | Villager (Male) |
| 16:38 | Create | Monk |
| 16:39 | Create | Monk |
| 16:46 | Build | House |
| 16:55 | Build | Barracks |
| 16:58 | Create | Villager (Male) |
| 17:08 | Build | Farm |
| 17:12 | Create | Villager (Male) |
| 17:24 | Build | House |
| 17:30 | Create | Villager (Male) |
| 17:32 | Create | Villager (Male) |
| 18:04 | Build | House |
| 18:06 | Build | House |
| 18:06 | Create | Villager (Male) |
| 18:11 | Research | Bow Saw |
| 18:12 | Create | Villager (Male) |
| 18:31 | Create | Villager (Male) |
| 18:41 | Create | Spearman |
| 18:41 | Create | Spearman |
| 18:41 | Create | Spearman |
| 18:42 | Create | Spearman |
| 18:50 | Build | House |
| 18:51 | Build | House |
| 19:21 | Research | Pikeman (upgrade) |
| 19:41 | Build | House |
| 19:42 | Build | House |
| 19:55 | Create | Spearman |
| 19:59 | Create | Villager (Male) |
| 19:59 | Create | Villager (Male) |
| 20:04 | Build | Town Center |
| 20:31 | Build | Farm |
| 20:33 | Build | Farm |
| 20:56 | Build | Farm |
| 21:03 | Build | Castle |
| 21:05 | Build | Farm |
| 21:07 | Create | Villager (Male) |
| 21:07 | Create | Villager (Male) |
| 21:27 | Create | Villager (Male) |
| 21:45 | Create | Villager (Male) |
| 21:45 | Create | Villager (Male) |
| 21:46 | Create | Villager (Male) |
| 21:47 | Create | Villager (Male) |
| 21:47 | Create | Villager (Male) |
| 22:19 | Build | Farm |
| 22:22 | Build | Farm |
| 22:23 | Build | Farm |
| 22:25 | Build | Farm |
| 22:27 | Create | Villager (Male) |
| 22:27 | Create | Villager (Male) |
| 22:28 | Create | Villager (Male) |
| 22:39 | Build | Farm |
| 22:46 | Build | Farm |
| 22:48 | Create | Villager (Male) |
| 23:05 | Create | Boyar |
| 23:05 | Create | Boyar |
| 23:06 | Create | Boyar |
| 23:06 | Create | Boyar |
| 23:10 | Create | Villager (Male) |
| 23:17 | Build | Farm |
| 23:18 | Build | Farm |
| 23:19 | Build | Farm |
| 23:21 | Build | Farm |
| 23:22 | Build | Farm |
| 23:23 | Build | Farm |
| 23:30 | Create | Villager (Male) |
| 23:31 | Create | Villager (Male) |
| 23:39 | Create | Villager (Male) |
| 23:51 | Create | Villager (Male) |
| 23:56 | Create | Villager (Male) |
| 24:00 | Build | Farm |
| 24:22 | Create | Boyar |
| 24:22 | Create | Boyar |
| 24:25 | Create | Villager (Male) |
| 24:34 | Build | Town Center |
| 24:48 | Create | Boyar |
| 24:53 | Create | Villager (Male) |
| 24:53 | Create | Villager (Male) |
| 24:54 | Create | Villager (Male) |
| 25:01 | Build | Town Center |
| 25:01 | Create | Villager (Male) |
| 25:02 | Create | Villager (Male) |
| 25:13 | Create | Villager (Male) |
| 25:21 | Build | Farm |
| 25:23 | Build | Farm |
| 25:25 | Build | Farm |
| 25:26 | Create | Villager (Male) |
| 25:28 | Create | Villager (Male) |
| 26:10 | Create | Villager (Male) |
Build order — Keishi
First 150 of 486 actions detected
| 0:03 | Create | Villager (Male) ×4 |
| 0:04 | Build | House |
| 0:06 | Build | House |
| 1:06 | Create | Villager (Male) |
| 1:32 | Create | Villager (Male) |
| 1:53 | Build | Lumber Camp |
| 2:08 | Create | Villager (Male) |
| 2:27 | Create | Villager (Male) |
| 2:37 | Create | Villager (Male) |
| 3:06 | Create | Villager (Male) |
| 3:20 | Build | House |
| 3:30 | Create | Villager (Male) ×2 |
| 3:47 | Create | Villager (Male) |
| 4:46 | Create | Villager (Male) ×3 |
| 4:47 | Create | Villager (Male) ×3 |
| 4:59 | Create | Villager (Male) |
| 5:03 | Create | Villager (Male) |
| 5:15 | Build | House |
| 5:25 | Create | Villager (Male) ×2 |
| 5:26 | Create | Villager (Male) |
| 5:26 | Create | Villager (Male) |
| 5:50 | Build | Mill |
| 7:54 | Build | House |
| 8:18 | Research | Feudal Age |
| 8:21 | Build | Mining Camp |
| 8:56 | Create | Villager (Male) |
| 8:56 | Create | Villager (Male) |
| 9:12 | Create | Villager (Male) |
| 9:12 | Create | Villager (Male) |
| 9:40 | Build | Palisade Wall |
| 9:44 | Build | Palisade Wall |
| 9:47 | Create | Villager (Male) |
| 9:59 | Create | Villager (Male) |
| 10:04 | Build | Palisade Wall |
| 10:12 | Build | Farm |
| 10:13 | Build | Farm |
| 10:14 | Build | Farm |
| 10:33 | Age | Feudal Age |
| 10:36 | Build | Mining Camp |
| 10:40 | Build | Watch Tower |
| 10:45 | Create | Villager (Male) |
| 10:49 | Build | Farm |
| 10:51 | Build | Farm |
| 10:56 | Build | Stone Wall |
| 10:57 | Build | Stone Wall |
| 11:00 | Build | Stone Wall |
| 11:17 | Create | Villager (Male) |
| 11:21 | Build | Farm |
| 11:33 | Build | House |
| 11:43 | Create | Villager (Male) |
| 11:43 | Create | Villager (Male) |
| 12:12 | Build | Blacksmith |
| 12:17 | Create | Villager (Male) |
| 12:25 | Build | Farm |
| 12:27 | Build | Farm |
| 13:01 | Research | Fletching |
| 13:04 | Create | Villager (Male) |
| 13:04 | Create | Villager (Male) |
| 13:14 | Create | Villager (Male) |
| 13:16 | Build | Farm |
| 13:17 | Build | Farm |
| 13:18 | Create | Villager (Male) |
| 13:36 | Research | Loom |
| 14:04 | Research | Loom |
| 14:12 | Build | Market |
| 14:14 | Create | Villager (Male) |
| 14:19 | Create | Villager (Male) |
| 14:22 | Create | Villager (Male) |
| 14:42 | Build | Watch Tower |
| 14:58 | Build | Farm |
| 15:26 | Research | Castle Age |
| 15:33 | Build | Mining Camp |
| 15:43 | Build | Lumber Camp |
| 16:41 | Research | Gold Mining |
| 17:00 | Build | Stone Wall |
| 17:22 | Research | Double-Bit Axe |
| 18:06 | Age | Castle Age |
| 18:10 | Build | Siege Workshop |
| 18:14 | Create | Villager (Male) |
| 18:15 | Create | Villager (Male) |
| 18:32 | Research | Bow Saw |
| 18:52 | Create | Mangonel |
| 19:19 | Create | Villager (Male) |
| 19:22 | Create | Villager (Male) |
| 19:24 | Build | House |
| 19:26 | Build | House |
| 19:48 | Create | Villager (Male) |
| 19:48 | Create | Villager (Male) |
| 19:48 | Create | Villager (Male) |
| 19:59 | Create | Mangonel |
| 20:21 | Create | Villager (Male) |
| 20:42 | Create | Mangonel |
| 20:47 | Create | Villager (Male) |
| 21:10 | Create | Battering Ram |
| 21:14 | Create | Mangonel |
| 21:26 | Create | Villager (Male) |
| 21:28 | Build | House |
| 21:29 | Build | House |
| 21:37 | Create | Villager (Male) |
| 22:30 | Create | Battering Ram |
| 22:33 | Create | Villager (Male) |
| 22:33 | Create | Villager (Male) |
| 22:36 | Build | House |
| 22:37 | Build | House |
| 23:04 | Create | Villager (Male) |
| 23:21 | Create | Battering Ram |
| 23:21 | Create | Battering Ram |
| 23:25 | Create | Villager (Male) |
| 23:59 | Create | Villager (Male) |
| 24:01 | Build | House |
| 24:02 | Build | House |
| 24:02 | Build | House |
| 24:03 | Build | House |
| 24:07 | Create | Battering Ram |
| 24:07 | Create | Battering Ram |
| 24:31 | Create | Villager (Male) |
| 24:32 | Create | Villager (Male) |
| 24:42 | Build | Mill |
| 24:43 | Build | Farm |
| 24:43 | Build | Farm |
| 24:43 | Build | Farm |
| 24:43 | Build | Farm |
| 24:44 | Build | Farm |
| 24:54 | Create | Villager (Male) |
| 25:27 | Create | Mangonel |
| 25:28 | Create | Villager (Male) |
| 25:28 | Create | Villager (Male) |
| 25:37 | Build | Siege Workshop |
| 26:04 | Create | Mangonel |
| 26:34 | Create | Villager (Male) |
| 26:35 | Create | Villager (Male) |
| 26:35 | Create | Villager (Male) |
| 26:53 | Create | Villager (Male) |
| 26:53 | Create | Villager (Male) |
| 27:04 | Create | Villager (Male) |
| 27:05 | Create | Villager (Male) |
| 27:23 | Create | Villager (Male) |
| 27:23 | Create | Villager (Male) |
| 27:42 | Create | Villager (Male) |
| 27:43 | Create | Villager (Male) |
| 27:48 | Build | Town Center |
| 27:52 | Build | Farm |
| 27:53 | Build | Farm |
| 27:53 | Build | Farm |
| 27:53 | Build | Farm |
| 27:53 | Build | Farm |
| 27:53 | Build | Farm |
| 27:54 | Build | Farm |
| 27:54 | Build | Farm |
| 27:54 | Build | Farm |
Build order — CTM | SamDestroyer
First 150 of 407 actions detected
| 0:01 | Create | Villager (Male) |
| 0:02 | Create | Villager (Male) |
| 0:03 | Build | House |
| 0:04 | Build | House |
| 0:15 | Create | Villager (Male) |
| 0:15 | Create | Villager (Male) |
| 1:30 | Create | Villager (Male) |
| 1:30 | Create | Villager (Male) |
| 2:06 | Create | Villager (Male) |
| 2:06 | Create | Villager (Male) |
| 2:06 | Create | Villager (Male) |
| 2:15 | Create | Villager (Male) |
| 2:15 | Create | Villager (Male) |
| 2:15 | Create | Villager (Male) |
| 2:52 | Create | Villager (Male) |
| 2:52 | Create | Villager (Male) |
| 3:06 | Create | Villager (Male) |
| 3:07 | Create | Villager (Male) |
| 3:33 | Build | House |
| 3:37 | Build | Lumber Camp |
| 3:52 | Create | Villager (Male) |
| 3:52 | Create | Villager (Male) |
| 3:52 | Create | Villager (Male) |
| 4:33 | Create | Villager (Male) |
| 4:33 | Create | Villager (Male) |
| 5:07 | Create | Villager (Male) |
| 5:35 | Create | Villager (Male) |
| 5:36 | Create | Villager (Male) |
| 5:54 | Build | House |
| 6:25 | Create | Villager (Male) |
| 6:26 | Research | Loom |
| 6:49 | Build | Mining Camp |
| 7:21 | Research | Feudal Age |
| 7:21 | Research | Feudal Age |
| 7:31 | Create | Villager (Male) |
| 7:32 | Create | Villager (Male) |
| 9:06 | Build | House |
| 9:41 | Age | Feudal Age |
| 9:44 | Build | Watch Tower |
| 9:51 | Build | Blacksmith |
| 10:16 | Build | Gate |
| 10:31 | Create | Villager (Male) |
| 10:31 | Create | Villager (Male) |
| 10:35 | Research | Fletching |
| 10:35 | Research | Fletching |
| 10:35 | Research | Fletching |
| 11:04 | Create | Villager (Male) |
| 11:05 | Create | Villager (Male) |
| 12:05 | Create | Villager (Male) |
| 12:05 | Create | Villager (Male) |
| 12:09 | Build | Mill |
| 12:32 | Create | Villager (Male) |
| 12:32 | Create | Villager (Male) |
| 12:36 | Build | House |
| 13:47 | Create | Villager (Male) |
| 13:49 | Build | Farm |
| 13:50 | Build | Farm |
| 13:51 | Build | Farm |
| 13:53 | Create | Villager (Male) |
| 14:19 | Create | Villager (Male) |
| 14:19 | Create | Villager (Male) |
| 14:21 | Build | Farm |
| 14:23 | Build | House |
| 14:25 | Build | Farm |
| 14:56 | Research | Double-Bit Axe |
| 14:56 | Research | Double-Bit Axe |
| 15:22 | Create | Villager (Male) |
| 15:30 | Build | Farm |
| 15:33 | Build | Farm |
| 15:51 | Create | Villager (Male) |
| 16:02 | Create | Villager (Male) |
| 16:05 | Research | Horse Collar |
| 16:05 | Research | Horse Collar |
| 16:16 | Build | House |
| 16:18 | Build | House |
| 16:21 | Build | House |
| 17:26 | Create | Villager (Male) |
| 17:26 | Create | Villager (Male) |
| 17:51 | Build | Lumber Camp |
| 17:56 | Create | Villager (Male) |
| 18:08 | Build | Stone Wall |
| 18:24 | Create | Villager (Male) |
| 18:28 | Build | Farm |
| 18:31 | Build | Farm |
| 18:35 | Build | Farm |
| 18:48 | Create | Villager (Male) |
| 19:03 | Build | Mining Camp |
| 19:16 | Build | House |
| 19:16 | Create | Villager (Male) |
| 19:17 | Create | Villager (Male) |
| 19:39 | Build | Farm |
| 19:44 | Build | Farm |
| 20:01 | Build | Farm |
| 20:07 | Research | Wheelbarrow |
| 20:07 | Research | Wheelbarrow |
| 20:18 | Build | Market |
| 20:27 | Build | House |
| 20:27 | Build | House |
| 20:27 | Build | House |
| 20:28 | Build | House |
| 20:28 | Build | House |
| 20:28 | Build | House |
| 20:28 | Build | House |
| 20:28 | Build | House |
| 20:29 | Build | House |
| 20:29 | Build | House |
| 20:29 | Build | House |
| 20:37 | Build | Gate |
| 20:44 | Build | Stone Wall |
| 20:52 | Research | Gold Mining |
| 21:04 | Create | Villager (Male) |
| 21:31 | Build | Barracks |
| 22:04 | Create | Villager (Male) |
| 22:13 | Create | Spearman ×5 |
| 22:23 | Research | Castle Age |
| 22:26 | Create | Spearman ×2 |
| 22:27 | Create | Spearman ×2 |
| 22:33 | Build | Farm |
| 22:35 | Build | Farm |
| 22:53 | Create | Spearman |
| 22:54 | Create | Spearman |
| 23:05 | Create | Villager (Male) |
| 23:12 | Create | Spearman |
| 23:35 | Create | Spearman |
| 23:39 | Research | Forging |
| 24:06 | Research | Scale Mail Armor |
| 25:09 | Age | Castle Age |
| 25:15 | Research | Pikeman (upgrade) |
| 25:15 | Research | Pikeman (upgrade) |
| 25:53 | Build | Castle |
| 26:04 | Build | Siege Workshop |
| 26:22 | Create | Villager (Male) |
| 26:23 | Create | Villager (Male) |
| 26:23 | Create | Villager (Male) |
| 26:23 | Create | Villager (Male) |
| 26:28 | Research | Bodkin Arrow |
| 26:29 | Research | Bodkin Arrow |
| 26:29 | Research | Bodkin Arrow |
| 27:26 | Create | Teutonic Knight |
| 27:26 | Create | Teutonic Knight |
| 27:30 | Create | Petard ×5 |
| 27:32 | Create | Villager (Male) |
| 27:48 | Create | Battering Ram |
| 27:48 | Create | Battering Ram |
| 27:50 | Create | Villager (Male) ×2 |
| 28:01 | Create | Battering Ram |
| 28:02 | Create | Battering Ram |
| 28:55 | Create | Petard ×5 |
| 29:13 | Create | Villager (Male) |
| 29:13 | Create | Villager (Male) |
Build order — LE | Asav
First 150 of 915 actions detected
| 0:02 | Create | Villager (Male) |
| 0:03 | Create | Villager (Male) |
| 0:03 | Create | Villager (Male) |
| 0:04 | Build | House |
| 0:06 | Build | House |
| 0:13 | Build | House |
| 0:16 | Build | House |
| 0:21 | Create | Villager (Male) |
| 1:36 | Create | Villager (Male) |
| 1:36 | Create | Villager (Male) |
| 1:52 | Build | Lumber Camp |
| 1:53 | Create | Villager (Male) |
| 2:26 | Create | Villager (Male) |
| 2:26 | Create | Villager (Male) |
| 2:53 | Create | Villager (Male) |
| 2:53 | Create | Villager (Male) |
| 2:53 | Create | Villager (Male) |
| 3:40 | Build | Mill |
| 3:46 | Create | Villager (Male) |
| 3:46 | Create | Villager (Male) |
| 3:46 | Create | Villager (Male) |
| 4:30 | Create | Villager (Male) |
| 4:30 | Create | Villager (Male) |
| 4:36 | Build | House |
| 5:02 | Create | Villager (Male) |
| 5:02 | Create | Villager (Male) |
| 5:03 | Create | Villager (Male) |
| 5:13 | Build | House |
| 5:15 | Build | House |
| 5:58 | Create | Villager (Male) |
| 6:06 | Build | Farm |
| 6:33 | Create | Villager (Male) |
| 6:35 | Create | Villager (Male) |
| 6:39 | Build | Farm |
| 6:56 | Create | Villager (Male) |
| 6:56 | Create | Villager (Male) |
| 7:47 | Build | Mining Camp |
| 8:15 | Create | Villager (Male) |
| 8:24 | Research | Feudal Age |
| 10:49 | Create | Villager (Male) |
| 11:18 | Age | Feudal Age |
| 11:21 | Build | Blacksmith |
| 11:24 | Build | Market |
| 11:35 | Research | Double-Bit Axe |
| 11:36 | Create | Villager (Male) |
| 12:06 | Research | Castle Age |
| 12:32 | Build | Lumber Camp |
| 13:06 | Research | Horse Collar |
| 14:34 | Research | Wheelbarrow |
| 14:46 | Build | Farm |
| 14:48 | Age | Castle Age |
| 14:49 | Build | Farm |
| 14:51 | Build | Monastery |
| 14:56 | Build | Town Center |
| 15:08 | Build | Town Center |
| 15:17 | Build | Farm |
| 15:19 | Build | Farm |
| 15:22 | Build | Farm |
| 15:26 | Build | House |
| 15:27 | Build | House |
| 15:37 | Create | Villager (Male) |
| 15:50 | Create | Monk |
| 15:53 | Research | Fervor |
| 15:53 | Create | Monk |
| 16:10 | Build | Farm |
| 16:16 | Build | Farm |
| 16:17 | Build | Farm |
| 16:20 | Create | Villager (Male) |
| 16:26 | Build | House |
| 16:32 | Create | Villager (Male) |
| 16:35 | Create | Villager (Male) |
| 16:37 | Build | Farm |
| 16:48 | Create | Villager (Male) |
| 16:48 | Create | Villager (Male) |
| 16:50 | Build | Farm |
| 16:51 | Build | Farm |
| 16:52 | Create | Villager (Male) |
| 16:52 | Create | Villager (Male) |
| 16:53 | Create | Villager (Male) |
| 16:55 | Build | Farm |
| 17:01 | Build | House |
| 17:04 | Create | Villager (Male) |
| 17:12 | Create | Villager (Male) |
| 17:14 | Research | Bow Saw |
| 17:14 | Research | Bow Saw |
| 17:18 | Create | Monk |
| 17:25 | Build | Farm |
| 17:30 | Create | Villager (Male) |
| 17:32 | Build | House |
| 17:38 | Create | Villager (Male) |
| 17:38 | Create | Villager (Male) |
| 17:51 | Create | Villager (Male) |
| 17:51 | Create | Villager (Male) |
| 18:07 | Create | Villager (Male) |
| 18:12 | Build | Farm |
| 18:13 | Build | Farm |
| 18:15 | Build | Farm |
| 18:17 | Build | Farm |
| 18:19 | Create | Villager (Male) |
| 18:20 | Create | Villager (Male) |
| 18:20 | Create | Villager (Male) |
| 18:22 | Build | Farm |
| 18:25 | Build | Farm |
| 18:28 | Build | Farm |
| 18:41 | Create | Villager (Male) |
| 18:41 | Create | Villager (Male) |
| 18:44 | Create | Villager (Male) |
| 18:46 | Build | Farm |
| 18:49 | Build | Farm |
| 18:50 | Create | Villager (Male) |
| 18:50 | Create | Villager (Male) |
| 19:11 | Create | Villager (Male) |
| 19:11 | Create | Villager (Male) |
| 19:12 | Create | Villager (Male) |
| 19:12 | Create | Villager (Male) |
| 19:25 | Build | Lumber Camp |
| 19:30 | Create | Villager (Male) |
| 19:30 | Create | Villager (Male) |
| 19:32 | Build | Farm |
| 19:35 | Build | Farm |
| 19:39 | Create | Villager (Male) |
| 19:39 | Create | Villager (Male) |
| 19:39 | Create | Villager (Male) |
| 19:53 | Create | Villager (Male) |
| 19:54 | Create | Villager (Male) |
| 19:54 | Create | Villager (Male) |
| 20:04 | Build | Town Center |
| 20:29 | Create | Villager (Male) |
| 20:29 | Create | Villager (Male) |
| 20:29 | Create | Villager (Male) |
| 20:30 | Create | Villager (Male) |
| 20:30 | Create | Villager (Male) |
| 20:30 | Create | Villager (Male) |
| 20:31 | Create | Villager (Male) |
| 20:31 | Create | Villager (Male) |
| 20:43 | Research | Heavy Plow |
| 20:43 | Research | Heavy Plow |
| 20:46 | Build | Farm |
| 20:48 | Create | Villager (Male) |
| 20:51 | Build | Mill |
| 20:51 | Build | Farm |
| 20:52 | Build | Farm |
| 20:52 | Build | Farm |
| 20:52 | Build | Farm |
| 20:52 | Build | Farm |
| 20:52 | Build | Farm |
| 20:53 | Build | Farm |
| 21:11 | Create | Villager (Male) |
| 21:12 | Create | Villager (Male) |
| 21:21 | Create | Monk |
Build order — SUNYQ
First 150 of 374 actions detected
| 0:03 | Create | Villager (Male) ×4 |
| 0:04 | Build | House |
| 0:23 | Build | House |
| 0:25 | Build | House |
| 1:23 | Create | Villager (Male) |
| 1:49 | Build | Lumber Camp |
| 1:54 | Build | Lumber Camp |
| 2:15 | Create | Villager (Male) |
| 2:15 | Create | Villager (Male) |
| 2:43 | Create | Villager (Male) |
| 2:45 | Create | Villager (Male) |
| 3:13 | Create | Villager (Male) |
| 3:26 | Create | Villager (Male) |
| 4:09 | Create | Villager (Male) |
| 4:18 | Create | Villager (Male) |
| 5:00 | Create | Villager (Male) |
| 5:01 | Create | Villager (Male) |
| 5:02 | Create | Villager (Male) |
| 5:17 | Build | House |
| 5:20 | Build | House |
| 5:26 | Create | Villager (Male) |
| 6:25 | Create | Villager (Male) |
| 7:14 | Create | Villager (Male) |
| 7:36 | Build | Mining Camp |
| 7:41 | Research | Feudal Age |
| 8:36 | Build | Farm |
| 8:37 | Build | Farm |
| 8:38 | Build | Farm |
| 8:40 | Build | Farm |
| 9:15 | Build | Farm |
| 9:53 | Age | Feudal Age |
| 10:11 | Create | Villager (Male) |
| 10:11 | Create | Villager (Male) |
| 10:15 | Build | Mill |
| 10:43 | Research | Castle Age |
| 10:44 | Research | Castle Age |
| 12:34 | Research | Wheelbarrow |
| 13:23 | Age | Castle Age |
| 13:25 | Build | Town Center |
| 13:33 | Research | Double-Bit Axe |
| 13:35 | Research | Horse Collar |
| 14:04 | Research | Bow Saw |
| 14:47 | Create | Villager (Male) |
| 14:48 | Create | Villager (Male) |
| 14:58 | Build | Town Center |
| 15:08 | Build | Farm |
| 15:19 | Create | Villager (Male) |
| 15:20 | Create | Villager (Male) |
| 15:40 | Build | Farm |
| 15:43 | Create | Villager (Male) |
| 16:04 | Create | Villager (Male) |
| 16:05 | Create | Villager (Male) |
| 16:18 | Create | Villager (Male) |
| 16:27 | Create | Villager (Male) |
| 16:30 | Create | Villager (Male) |
| 16:31 | Create | Villager (Male) |
| 16:39 | Build | Farm |
| 16:41 | Build | Farm |
| 16:44 | Build | Farm |
| 16:48 | Build | Farm |
| 16:49 | Create | Villager (Male) |
| 16:50 | Create | Villager (Male) |
| 17:01 | Build | Farm |
| 17:04 | Create | Villager (Male) |
| 17:11 | Build | Farm |
| 17:14 | Build | Farm |
| 17:16 | Create | Villager (Male) |
| 17:24 | Create | Villager (Male) |
| 17:34 | Build | Farm |
| 17:37 | Create | Villager (Male) |
| 17:46 | Build | Farm |
| 17:48 | Build | Farm |
| 17:50 | Create | Villager (Male) |
| 17:50 | Create | Villager (Male) |
| 17:53 | Create | Villager (Male) |
| 17:53 | Create | Villager (Male) |
| 17:55 | Build | House |
| 17:57 | Build | House |
| 18:01 | Create | Villager (Male) |
| 18:23 | Create | Villager (Male) |
| 18:23 | Create | Villager (Male) |
| 18:23 | Create | Villager (Male) |
| 18:24 | Create | Villager (Male) |
| 18:27 | Build | Farm |
| 18:33 | Create | Villager (Male) |
| 18:45 | Create | Villager (Male) |
| 18:49 | Build | Farm |
| 18:51 | Build | Farm |
| 19:02 | Create | Villager (Male) |
| 19:03 | Create | Villager (Male) |
| 19:15 | Create | Villager (Male) |
| 19:16 | Create | Villager (Male) |
| 19:23 | Build | House |
| 19:24 | Build | House |
| 19:26 | Build | House |
| 19:32 | Build | House |
| 19:33 | Build | House |
| 19:34 | Build | House |
| 19:38 | Build | House |
| 19:47 | Research | Hand Cart |
| 19:48 | Research | Loom |
| 19:50 | Create | Villager (Male) |
| 19:50 | Create | Villager (Male) |
| 20:15 | Create | Villager (Male) |
| 20:16 | Create | Villager (Male) |
| 20:41 | Create | Villager (Male) ×5 |
| 20:46 | Build | Farm |
| 20:53 | Build | Farm |
| 21:12 | Create | Villager (Male) |
| 21:14 | Create | Villager (Male) |
| 21:22 | Build | Farm |
| 21:24 | Create | Villager (Male) |
| 21:24 | Create | Villager (Male) |
| 21:37 | Build | Town Center |
| 21:41 | Create | Villager (Male) |
| 22:01 | Build | Monastery |
| 22:04 | Create | Villager (Male) |
| 22:04 | Create | Villager (Male) |
| 22:06 | Research | Town Watch |
| 22:13 | Research | Heavy Plow |
| 22:16 | Create | Villager (Male) |
| 22:16 | Create | Villager (Male) |
| 22:16 | Create | Villager (Male) |
| 22:51 | Build | Farm |
| 22:58 | Build | Farm |
| 23:08 | Create | Villager (Male) ×5 |
| 23:11 | Build | Farm |
| 23:25 | Build | Farm |
| 23:30 | Build | Farm |
| 23:30 | Build | Farm |
| 23:31 | Build | Farm |
| 23:32 | Build | Farm |
| 23:32 | Build | Farm |
| 23:33 | Build | Farm |
| 23:34 | Build | Farm |
| 23:34 | Build | Farm |
| 23:42 | Create | Villager (Male) |
| 23:42 | Create | Villager (Male) |
| 23:42 | Create | Villager (Male) |
| 24:00 | Build | House |
| 24:01 | Build | House |
| 24:02 | Build | House |
| 24:12 | Build | University |
| 24:29 | Build | Market |
| 24:34 | Create | Villager (Male) ×5 |
| 24:36 | Create | Villager (Male) |
| 24:39 | Build | Farm |
| 24:41 | Build | Farm |
| 24:51 | Create | Villager (Male) |
| 25:02 | Build | Siege Workshop |
Build order — PSX | King
First 150 of 420 actions detected
| 0:02 | Create | Villager (Male) |
| 0:02 | Create | Villager (Male) |
| 0:03 | Build | House |
| 0:05 | Build | House |
| 0:10 | Create | Villager (Male) |
| 0:11 | Create | Villager (Male) |
| 0:11 | Create | Villager (Male) |
| 1:31 | Create | Villager (Male) |
| 1:31 | Create | Villager (Male) |
| 1:53 | Build | Lumber Camp |
| 1:59 | Create | Villager (Male) |
| 2:23 | Create | Villager (Male) |
| 2:23 | Create | Villager (Male) |
| 2:38 | Create | Villager (Male) |
| 2:38 | Create | Villager (Male) |
| 2:55 | Create | Villager (Male) |
| 2:55 | Create | Villager (Male) |
| 3:09 | Build | House |
| 3:27 | Create | Villager (Male) |
| 3:42 | Create | Villager (Male) |
| 4:18 | Create | Villager (Male) |
| 4:35 | Create | Villager (Male) |
| 5:08 | Build | Mill |
| 5:20 | Create | Villager (Male) |
| 5:35 | Create | Villager (Male) |
| 5:53 | Create | Villager (Male) |
| 5:54 | Research | Loom |
| 7:01 | Research | Feudal Age |
| 7:47 | Build | House |
| 7:57 | Create | Villager (Male) |
| 8:12 | Build | Mining Camp |
| 8:29 | Build | House |
| 9:00 | Create | Villager (Male) |
| 9:17 | Age | Feudal Age |
| 9:21 | Build | Watch Tower |
| 9:37 | Research | Double-Bit Axe |
| 9:39 | Build | Blacksmith |
| 9:40 | Build | House |
| 9:42 | Build | House |
| 9:46 | Create | Villager (Male) |
| 10:09 | Create | Villager (Male) |
| 10:32 | Research | Fletching |
| 10:37 | Create | Villager (Male) |
| 10:58 | Create | Villager (Male) |
| 11:17 | Create | Villager (Male) |
| 11:51 | Build | Watch Tower |
| 11:55 | Create | Villager (Male) |
| 11:58 | Build | Farm |
| 12:01 | Build | Farm |
| 12:20 | Create | Villager (Male) |
| 12:35 | Build | Farm |
| 12:38 | Create | Villager (Male) |
| 12:58 | Build | Mining Camp |
| 13:02 | Create | Villager (Male) |
| 13:11 | Build | House |
| 13:14 | Create | Villager (Male) |
| 13:38 | Create | Villager (Male) |
| 14:42 | Create | Villager (Male) |
| 14:50 | Build | Farm |
| 14:51 | Build | Farm |
| 14:52 | Build | Farm |
| 15:01 | Build | Watch Tower |
| 15:10 | Create | Villager (Male) |
| 15:12 | Build | Farm |
| 15:37 | Create | Villager (Male) |
| 15:47 | Build | Watch Tower |
| 16:07 | Create | Villager (Male) |
| 16:56 | Build | Market |
| 17:09 | Build | House |
| 17:10 | Build | House |
| 17:13 | Create | Villager (Male) |
| 17:27 | Build | Watch Tower |
| 17:30 | Create | Villager (Male) |
| 18:04 | Create | Villager (Male) |
| 18:29 | Research | Castle Age |
| 19:00 | Build | Watch Tower |
| 19:13 | Research | Horse Collar |
| 19:13 | Research | Gold Mining |
| 19:54 | Build | Lumber Camp |
| 19:56 | Research | Gold Mining |
| 20:14 | Create | Villager (Male) |
| 20:35 | Create | Villager (Male) |
| 21:09 | Age | Castle Age |
| 21:10 | Research | Bodkin Arrow |
| 21:13 | Build | University |
| 21:34 | Create | Villager (Male) |
| 22:22 | Build | Watch Tower |
| 22:27 | Research | Treadmill Crane |
| 22:29 | Create | Villager (Male) |
| 22:31 | Create | Villager (Male) |
| 22:56 | Create | Villager (Male) |
| 23:06 | Build | Palisade Wall |
| 23:12 | Research | Ballistics |
| 23:13 | Create | Villager (Male) |
| 23:34 | Build | Farm |
| 23:35 | Build | Farm |
| 23:47 | Build | Gate |
| 23:54 | Create | Villager (Male) |
| 24:00 | Build | House |
| 24:01 | Build | House |
| 24:13 | Research | Murder Holes |
| 24:29 | Build | Watch Tower |
| 24:31 | Create | Villager (Male) |
| 24:43 | Build | Barracks |
| 24:51 | Create | Villager (Male) |
| 25:18 | Create | Villager (Male) |
| 25:21 | Build | House |
| 25:31 | Build | Mining Camp |
| 25:32 | Create | Fire Lancer |
| 25:32 | Create | Fire Lancer |
| 25:33 | Create | Fire Lancer |
| 25:47 | Build | House |
| 25:47 | Build | House |
| 25:50 | Create | Villager (Male) |
| 26:24 | Create | Villager (Male) |
| 26:32 | Create | Fire Lancer |
| 27:00 | Create | Villager (Male) |
| 27:14 | Create | Villager (Male) |
| 27:14 | Create | Villager (Male) |
| 27:16 | Build | Farm |
| 27:17 | Build | Farm |
| 27:17 | Build | Farm |
| 27:17 | Build | Farm |
| 27:17 | Build | Farm |
| 27:18 | Build | Farm |
| 27:18 | Build | Farm |
| 27:19 | Build | Farm |
| 27:38 | Build | Watch Tower |
| 27:45 | Create | Villager (Male) |
| 27:55 | Build | Siege Workshop |
| 28:24 | Build | Barracks |
| 28:25 | Build | Barracks |
| 28:26 | Create | Villager (Male) |
| 28:26 | Create | Villager (Male) |
| 28:27 | Build | House |
| 28:28 | Build | House |
| 28:28 | Build | House |
| 28:45 | Create | Villager (Male) |
| 28:53 | Build | Town Center |
| 28:58 | Research | Scale Mail Armor |
| 28:59 | Create | Villager (Male) |
| 29:03 | Build | Lumber Camp |
| 29:15 | Create | Fire Lancer |
| 29:15 | Create | Fire Lancer |
| 29:15 | Create | Fire Lancer |
| 29:19 | Create | Fire Lancer |
| 29:19 | Create | Fire Lancer |
| 29:31 | Build | House |
| 29:40 | Create | Fire Lancer |
| 29:44 | Create | Villager (Male) |
Build order — Tylenol
First 150 of 694 actions detected
| 0:04 | Create | Villager (Male) |
| 0:04 | Create | Villager (Male) |
| 0:05 | Build | House |
| 0:06 | Build | House |
| 0:36 | Create | Villager (Male) |
| 0:36 | Create | Villager (Male) |
| 0:36 | Create | Villager (Male) |
| 0:36 | Create | Villager (Male) |
| 1:41 | Create | Villager (Male) |
| 1:42 | Create | Villager (Male) |
| 2:09 | Build | Lumber Camp |
| 2:23 | Create | Villager (Male) |
| 2:23 | Create | Villager (Male) |
| 2:23 | Create | Villager (Male) |
| 2:44 | Create | Villager (Male) |
| 3:18 | Create | Villager (Male) |
| 3:30 | Build | House |
| 3:31 | Build | House |
| 3:32 | Build | House |
| 3:49 | Create | Villager (Male) |
| 3:50 | Create | Villager (Male) |
| 3:50 | Create | Villager (Male) |
| 3:50 | Create | Villager (Male) |
| 4:31 | Create | Villager (Male) |
| 4:31 | Create | Villager (Male) |
| 5:01 | Create | Villager (Male) |
| 5:01 | Create | Villager (Male) |
| 5:04 | Build | Mill |
| 5:18 | Create | Villager (Male) |
| 5:18 | Create | Villager (Male) |
| 5:18 | Create | Villager (Male) |
| 5:38 | Create | Villager (Male) |
| 5:38 | Create | Villager (Male) |
| 5:39 | Create | Villager (Male) |
| 5:54 | Create | Villager (Male) |
| 5:54 | Create | Villager (Male) |
| 6:07 | Create | Villager (Male) |
| 6:07 | Create | Villager (Male) |
| 7:07 | Create | Villager (Male) |
| 7:07 | Create | Villager (Male) |
| 7:07 | Create | Villager (Male) |
| 7:16 | Create | Villager (Male) |
| 7:16 | Create | Villager (Male) |
| 7:16 | Create | Villager (Male) |
| 8:05 | Build | Farm |
| 8:28 | Build | Mining Camp |
| 8:33 | Research | Feudal Age |
| 10:09 | Build | Barracks |
| 10:48 | Build | Farm |
| 11:15 | Create | Villager (Male) |
| 11:16 | Create | Villager (Male) |
| 11:25 | Age | Feudal Age |
| 11:27 | Build | Stable |
| 11:29 | Build | Blacksmith |
| 12:24 | Research | Castle Age |
| 12:24 | Research | Castle Age |
| 12:33 | Research | Horse Collar |
| 12:36 | Build | Farm |
| 12:39 | Build | Farm |
| 12:41 | Build | Farm |
| 12:43 | Build | Farm |
| 12:46 | Build | Farm |
| 12:48 | Build | Farm |
| 12:59 | Build | Farm |
| 13:01 | Build | Farm |
| 13:22 | Research | Double-Bit Axe |
| 13:27 | Build | House |
| 13:28 | Build | House |
| 13:35 | Build | Farm |
| 14:21 | Create | Villager (Male) |
| 14:22 | Create | Villager (Male) |
| 14:23 | Create | Villager (Male) |
| 14:45 | Build | Farm |
| 14:47 | Create | Villager (Male) |
| 14:55 | Create | Villager (Male) |
| 15:04 | Age | Castle Age |
| 15:05 | Create | Knight |
| 15:05 | Create | Knight |
| 15:10 | Research | Bow Saw |
| 15:11 | Research | Bow Saw |
| 15:12 | Create | Villager (Male) |
| 15:19 | Research | Heavy Plow |
| 15:20 | Research | Heavy Plow |
| 15:33 | Create | Knight |
| 15:47 | Create | Knight |
| 15:52 | Create | Villager (Male) |
| 15:56 | Create | Villager (Male) |
| 16:01 | Build | House |
| 16:24 | Create | Knight |
| 16:35 | Create | Knight |
| 16:38 | Create | Villager (Male) |
| 16:39 | Create | Villager (Male) |
| 17:21 | Create | Knight |
| 17:21 | Create | Villager (Male) |
| 17:21 | Create | Villager (Male) |
| 17:30 | Create | Knight |
| 17:33 | Create | Villager (Male) |
| 17:33 | Create | Villager (Male) |
| 17:39 | Build | Town Center |
| 17:49 | Create | Villager (Male) |
| 17:49 | Create | Villager (Male) |
| 17:59 | Build | Farm |
| 17:59 | Build | Farm |
| 17:59 | Build | Farm |
| 18:00 | Build | Farm |
| 18:00 | Build | Farm |
| 18:00 | Build | Farm |
| 18:01 | Create | Villager (Male) |
| 18:19 | Build | House |
| 18:49 | Create | Knight |
| 19:14 | Create | Knight |
| 19:15 | Create | Villager (Male) |
| 19:15 | Create | Villager (Male) |
| 19:23 | Research | Forging |
| 19:23 | Research | Forging |
| 19:23 | Research | Forging |
| 19:38 | Create | Villager (Male) |
| 19:38 | Create | Villager (Male) |
| 19:40 | Build | Monastery |
| 19:44 | Create | Villager (Male) |
| 19:44 | Create | Villager (Male) |
| 19:48 | Build | Farm |
| 19:51 | Build | Farm |
| 19:54 | Build | Farm |
| 19:57 | Create | Villager (Male) |
| 19:57 | Create | Villager (Male) |
| 20:08 | Create | Monk |
| 20:08 | Create | Monk |
| 20:11 | Build | House |
| 20:22 | Create | Villager (Male) |
| 20:22 | Create | Villager (Male) |
| 20:29 | Research | Wheelbarrow |
| 20:55 | Create | Monk |
| 20:56 | Create | Villager (Male) |
| 20:56 | Create | Villager (Male) |
| 21:01 | Build | House |
| 21:02 | Build | House |
| 21:03 | Build | House |
| 21:07 | Build | Farm |
| 21:37 | Create | Knight |
| 21:38 | Create | Knight |
| 21:39 | Create | Villager (Male) |
| 21:39 | Create | Villager (Male) |
| 21:45 | Create | Villager (Male) |
| 21:45 | Create | Villager (Male) |
| 22:01 | Create | Knight |
| 22:02 | Create | Villager (Male) |
| 22:02 | Create | Villager (Male) |
| 22:10 | Build | Town Center |
| 22:14 | Build | House |
Match timeline
| 9:17 | PSX | King · age_up feudal |
| 9:40 | Keishi · wall_segment Palisade Wall x8 |
| 9:41 | Ragnarok · age_up feudal |
| 9:41 | CTM | SamDestroyer · age_up feudal |
| 9:44 | Keishi · wall_segment Palisade Wall x4 |
| 9:53 | SUNYQ · age_up feudal |
| 10:04 | Keishi · wall_segment Palisade Wall x7 |
| 10:09 | Tylenol · first_building Barracks |
| 10:33 | Keishi · age_up feudal |
| 10:56 | Keishi · wall_segment Stone Wall x1 |
| 10:57 | Keishi · wall_segment Stone Wall x1 |
| 11:00 | Keishi · wall_segment Stone Wall x1 |
| 11:16 | CTM | Franco* · age_up feudal |
| 11:18 | LE | Asav · age_up feudal |
| 11:25 | Tylenol · age_up feudal |
| 11:27 | Tylenol · first_building Stable |
| 13:23 | SUNYQ · age_up castle |
| 14:48 | LE | Asav · age_up castle |
| 14:51 | LE | Asav · first_building Monastery |
| 15:04 | Tylenol · age_up castle |
| 15:19 | Keishi · first_market_sell 100 wood |
| 15:41 | CTM | Franco* · age_up castle |
| 15:46 | CTM | Franco* · first_building Monastery |
| 16:55 | CTM | Franco* · first_building Barracks |
| 17:00 | Keishi · wall_segment Stone Wall x6 |
| 18:06 | Keishi · age_up castle |
| 18:08 | CTM | SamDestroyer · wall_segment Stone Wall x17 |
| 18:10 | Keishi · first_building Siege Workshop |
| 19:40 | Tylenol · first_building Monastery |
| 19:56 | LE | Asav · first_market_buy 100 stone |
| 19:58 | Keishi · first_market_buy 100 wood |
| 20:44 | CTM | SamDestroyer · wall_segment Stone Wall x9 |
| 21:03 | CTM | Franco* · first_building Castle |
| 21:09 | PSX | King · age_up castle |
| 21:31 | CTM | SamDestroyer · first_building Barracks |
| 22:01 | SUNYQ · first_building Monastery |
| 22:22 | CTM | SamDestroyer · first_market_sell 100 wood |
| 23:06 | PSX | King · wall_segment Palisade Wall x1 |
| 24:12 | PSX | King · first_market_buy 100 food |
| 24:12 | PSX | King · first_market_sell 100 wood |
| 24:17 | Ragnarok · age_up castle |
| 24:43 | PSX | King · first_building Barracks |
| 24:47 | Ragnarok · first_building Castle |
| 25:02 | SUNYQ · first_building Siege Workshop |
| 25:09 | CTM | SamDestroyer · age_up castle |
| 25:46 | CTM | SamDestroyer · first_market_buy 100 stone |
| 25:47 | Ragnarok · wall_segment Palisade Wall x1 |
| 25:53 | CTM | SamDestroyer · first_building Castle |
| 26:04 | CTM | SamDestroyer · first_building Siege Workshop |
| 26:05 | SUNYQ · first_building Barracks |
| 26:10 | SUNYQ · first_building Stable |
| 27:12 | LE | Asav · first_building Castle |
| 27:55 | PSX | King · first_building Siege Workshop |
| 28:21 | LE | Asav · first_building Barracks |
| 28:21 | Ragnarok · first_market_buy 100 food |
| 28:24 | LE | Asav · age_up imperial |
| 28:32 | SUNYQ · age_up imperial |
| 28:34 | LE | Asav · first_building Siege Workshop |
| 29:54 | Ragnarok · age_up imperial |
| 30:53 | Ragnarok · first_market_sell 100 wood |
| 31:04 | PSX | King · first_building Stable |
| 31:08 | Tylenol · age_up imperial |
| 31:22 | SUNYQ · first_building Castle |
| 31:26 | Tylenol · first_building Castle |
| 31:33 | Ragnarok · first_building Siege Workshop |
| 32:37 | CTM | SamDestroyer · wall_segment Stone Wall x1 |
| 34:03 | SUNYQ · first_market_sell 500 food |
| 34:17 | CTM | Franco* · age_up imperial |
| 34:51 | CTM | SamDestroyer · first_building Monastery |
| 35:09 | Tylenol · first_building Archery Range |
| 35:29 | Keishi · first_building Barracks |
| 35:33 | CTM | Franco* · first_market_sell 500 wood |
| 36:01 | Keishi · first_building Archery Range |
| 36:18 | PSX | King · wall_segment Stone Wall x4 |
| 36:19 | PSX | King · wall_segment Stone Wall x1 |
| 36:20 | PSX | King · wall_segment Stone Wall x7 |
| 36:20 | CTM | Franco* · wall_segment Stone Wall x1 |
| 36:22 | CTM | Franco* · wall_segment Stone Wall x1 |
| 37:16 | PSX | King · wall_segment Stone Wall x7 |
| 37:22 | Keishi · first_building Castle |
| 37:47 | PSX | King · first_building Monastery |
| 38:13 | PSX | King · wall_segment Stone Wall x1 |
| 38:15 | PSX | King · wall_segment Stone Wall x1 |
| 38:15 | PSX | King · wall_segment Stone Wall x1 |
| 38:31 | Keishi · age_up imperial |
| 39:25 | CTM | Franco* · tribute_sent a jugador 2 |
| 39:25 | CTM | Franco* · tribute_sent a jugador 3 |
| 39:25 | CTM | Franco* · tribute_sent a jugador 4 |
| 39:25 | CTM | Franco* · tribute_sent a jugador 5 |
| 39:25 | CTM | Franco* · tribute_sent a jugador 6 |
| 39:25 | CTM | Franco* · tribute_sent a jugador 7 |
| 39:25 | CTM | Franco* · tribute_sent a jugador 8 |
| 40:20 | Ragnarok · wall_segment Palisade Wall x1 |
| 42:20 | PSX | King · wall_segment Stone Wall x1 |
| 42:20 | PSX | King · wall_segment Stone Wall x1 |
| 42:55 | PSX | King · age_up imperial |
| 43:00 | CTM | SamDestroyer · age_up imperial |
| 43:08 | SUNYQ · first_building Archery Range |
| 45:00 | CTM | Franco* · first_building Stable |
| 45:15 | Ragnarok · first_building Barracks |
| 48:21 | SUNYQ · tribute_sent a jugador 1 |
| 48:21 | SUNYQ · tribute_sent a jugador 2 |
| 48:21 | SUNYQ · tribute_sent a jugador 3 |
| 48:21 | SUNYQ · tribute_sent a jugador 4 |
| 48:21 | SUNYQ · tribute_sent a jugador 6 |
| 48:21 | SUNYQ · tribute_sent a jugador 7 |
| 48:21 | SUNYQ · tribute_sent a jugador 8 |
| 49:21 | Tylenol · first_building Siege Workshop |
| 53:00 | Keishi · tribute_sent a jugador 1 |
| 53:00 | Keishi · tribute_sent a jugador 3 |
| 53:00 | Keishi · tribute_sent a jugador 4 |
| 53:00 | Keishi · tribute_sent a jugador 5 |
| 53:00 | Keishi · tribute_sent a jugador 6 |
| 53:00 | Keishi · tribute_sent a jugador 7 |
| 53:00 | Keishi · tribute_sent a jugador 8 |
| 54:40 | Keishi · tribute_sent a jugador 1 |
| 54:40 | Keishi · tribute_sent a jugador 3 |
| 54:40 | Keishi · tribute_sent a jugador 4 |
| 54:40 | Keishi · tribute_sent a jugador 5 |
| 54:40 | Keishi · tribute_sent a jugador 6 |
| 54:40 | Keishi · tribute_sent a jugador 7 |
| 54:40 | Keishi · tribute_sent a jugador 8 |
| 54:51 | PSX | King · tribute_sent a jugador 1 |
| 54:51 | PSX | King · tribute_sent a jugador 2 |
| 54:51 | PSX | King · tribute_sent a jugador 3 |
| 54:51 | PSX | King · tribute_sent a jugador 4 |
| 54:51 | PSX | King · tribute_sent a jugador 5 |
| 54:51 | PSX | King · tribute_sent a jugador 6 |
| 54:51 | PSX | King · tribute_sent a jugador 8 |
| 56:55 | SUNYQ · wall_segment Stone Wall x9 |
| 56:55 | Keishi · first_building Monastery |
| 57:24 | SUNYQ · wall_segment Stone Wall x7 |
| 58:13 | SUNYQ · wall_segment Stone Wall x6 |
| 58:21 | SUNYQ · resign |
[ AI ANALYSIS · 1 CREDIT ]
What really happened in this match?
Wolo.gg analyzes every decision: build order, eco, micro, common mistakes by bracket. Personalized analysis on WhatsApp or Discord in 30 seconds.
Civ guide
Goths
Perfil
Ragnarok